 Dungeon Crawl Stone Soup version 0.20-a0-870-g4070442 (webtiles) character file.

82 4thArraOfDagon the Ruffian (level 4, -7/36 HPs)
             Began as a Draconian Wanderer on Mar 13, 2017.
             Mangled by an iguana (8 damage)
             ... on level 4 of the Dungeon.
             The game lasted 00:03:08 (757 turns).

4thArraOfDagon the Ruffian (Draconian Wanderer)      Turns: 757, Time: 00:03:09

Health: -7/36      AC:  5    Str: 18    XL:     4   Next: 21%
Magic:  4/4        EV: 12    Int: 13    God:
Gold:   93         SH:  0    Dex: 12    Spells: 3/3 levels left

rFire    . . .     SeeInvis .     - Unarmed
rCold    . . .     Gourm    .   (armour unavailable)
rNeg     . . .     Faith    .   (no shield)
rPois    .         Spirit   .   (helmet restricted)
rElec    .         Reflect  .   (no cloak)
rCorr    .         Harm     +   (no gloves)
MR       .....                  (no boots)
Stlth    ++........             e - amulet of harm
Regen    0.2/turn               (no ring)
MPRegen  0.1/turn               (no ring)

@: mighty
A: unfitting armour, cold-blooded, AC +5
a: no special abilities


You were on level 4 of the Dungeon.
You were not hungry.

You visited 1 branch of the dungeon, and saw 4 of its levels.

You collected 93 gold pieces.

Inventory:

Hand Weapons
 d - a +0 dagger
Jewellery
 e - an amulet of harm (around neck)
Scrolls
 b - 3 scrolls of teleportation
 c - 4 scrolls of identify {unknown}
 g - a scroll of magic mapping {unknown}
 h - a scroll of immolation {unknown}
Books
 a - a book of Flames

   Spells                             Type                      Level
   a - Flame Tongue                   Conjuration/Fire             1
   b - Throw Flame                    Conjuration/Fire             2
   c - Conjure Flame                  Conjuration/Fire             3
   d - Inner Flame                    Hexes/Fire                   3
   e - Sticky Flame                   Conjuration/Fire             4
   f - Fireball                       Conjuration/Fire             5
Comestibles
 f - a bread ration
 i - a royal jelly


   Skills:
 - Level 2.1 Fighting
 + Level 1.7 Dodging
 - Level 1.7 Stealth
 * Level 4.5 Unarmed Combat
   Level 1.0 Summonings
   Level 2.0 Fire Magic


You had 3 spell levels left.
You didn't know any spells.

Dungeon Overview and Level Annotations

Branches:
Dungeon (4/15)
 Temple: D:4-7

Altars:


Innate Abilities, Weirdness & Mutations

Your plain brown scales are hard. (AC +5)
You cannot fit into any form of body armour.
You are cold-blooded and may be slowed by cold attacks.


Message History

There is a stone staircase leading down here.
i - a royal jelly You are starting to lose your buoyancy.
You float gracefully downwards.
Found 11 gold pieces.
An iguana comes into view.
You see here 18 gold pieces.
You now have 93 gold pieces (gained 18).
You barely miss the iguana. The iguana bites you!
* * * LOW HITPOINT WARNING * * *
Unknown command.
You closely miss the iguana. The iguana bites you.
* * * LOW HITPOINT WARNING * * *
Unknown command.
Unknown command.
Unknown command.
You hit the iguana.
The iguana is heavily wounded.
The iguana bites you!
You die...

.###....#
...#....#
......... #
.#......# ..
.$....... ...
........# ....
#....l###.....
#....@........ #
######.....##....
.
#....##.........#
.#
#....##..##.......
..
#..†.##..##.##.#..
#.
#..............#
#.
#....###.......# #
#.###....#
#.......# ##
#........#
#.......#


You could see an iguana.

Vanquished Creatures
  A centaur skeleton (D:4)
  An adder (D:3)
  4 dart slugs
  2 leopard geckos (D:1)
  3 orcs (D:3)
  3 giant cockroaches
  4 bats
  5 frilled lizards
  3 goblins
  7 kobolds
  2 rats
35 creatures vanquished.

Notes
Turn   | Place    | Note
-------+----------+-------------------------------------------
     0 | D:1      | 4thArraOfDagon the Draconian Wanderer began the quest for the Orb.
     0 | D:1      | 4thArraOfDagon set off with: a book of Flames, 2 scrolls of teleportation, a +0 club, a +0 dagger, a bread ration
     0 | D:1      | Reached XP level 1. HP: 17/17 MP: 1/1
   179 | D:1      | Reached XP level 2. HP: 6/24 MP: 2/2
   230 | D:1      | Reached skill level 1 in Dodging
   286 | D:1      | You fall through a shaft!
   568 | D:2      | Reached XP level 3. HP: 19/29 MP: 3/3
   645 | D:3      | Reached skill level 4 in Unarmed Combat
   716 | D:4      | Reached XP level 4. HP: 12/36 MP: 4/4
   756 | D:4      | HP: 1/36 [iguana (1)]
   757 | D:4      | Mangled by an iguana

Vault maps used:
D:1:      minmay_arrival_doors
D:2:      grunt_ministairs_7
D:3:      st_stairs_3, hangedman_ru_absence

Skill      XL: |  1  2  3 |
---------------+----------+-----
Dodging        | 1 |  1.7
Unarmed Combat | 4 |  4.5
Fighting       | |  2.1
Stealth        | |  1.7
Summonings     | |  1.0
Fire Magic     | |  2.0

Action                   |  1- 3 |  4- 6 || total
-------------------------+-------+-------++-------
Melee: Unarmed           |   111 |     4 ||   115
       Tailslap          |     9 |       ||     9
       Punch             |     2 |       ||     2
  Use: Potion            |     3 |       ||     3
 Stab: Sleeping          |     3 |       ||     3
Armor: Skin              |    23 |       ||    23
Dodge: Dodged            |    64 |       ||    64
